 Dungeon Crawl Stone Soup version 0.21-a0-348-ga060c75 (webtiles) character file.

470 Hasart the Poker (level 7, -1/52 HPs)
             Began as a Formicid Fighter on Oct 6, 2017.
             Slain by an ogre
             ... wielding a +0 giant club
              (17 damage)
             ... on level 4 of the Dungeon.
             The game lasted 00:06:27 (3892 turns).

Hasart the Poker (Formicid Fighter)                 Turns: 3892, Time: 00:06:27

Health: -1/52      AC:  8    Str: 23    XL:     7   Next: 31%
Magic:  7/7        EV:  8    Int:  7    God:
Gold:   204        SH:  9    Dex: 10    Spells: 6/6 levels left

rFire    . . .     SeeInvis +   a - +0 trident
rCold    . . .     Gourm    .   c - +0 shield
rNeg     . . .     Faith    .   b - +0 scale mail
rPois    .         Spirit   .   (helmet unavailable)
rElec    .         Reflect  .   (no cloak)
rCorr    .         Harm     .   n - +0 pair of gloves
MR       .....                  (no boots)
Stlth    ..........             (no amulet)
HPRegen  0.17/turn              (no ring)
MPRegen  0.10/turn              (no ring)

@: no status effects
A: permanent stasis, dig shafts and tunnels, four strong arms, antennae 3
a: Dig, Shaft Self


You were on level 4 of the Dungeon.
You were very hungry.

You visited 1 branch of the dungeon, and saw 4 of its levels.

You collected 204 gold pieces.

Inventory:

Hand Weapons
 a - a +0 trident (weapon)
Armour
 b - a +0 scale mail (worn)
 c - a +0 shield (worn)
 n - a +0 pair of gloves (worn)
Scrolls
 e - a scroll of fog {unknown}
 g - 4 scrolls of magic mapping {unknown}
 j - 2 scrolls of enchant weapon {unknown}
 k - a scroll of identify {unknown}
 q - a scroll of enchant armour {unknown}
 s - a scroll of blinking {unknown}
Potions
 d - a potion of might
 l - a potion of berserk rage {unknown}
 m - a potion of mutation {unknown}
 o - a potion of brilliance {unknown}
Books
 r - a book of Maledictions

   Spells                             Type                      Level
   a - Corona                         Hexes                        1
   b - Ensorcelled Hibernation        Hexes/Ice                    2
   c - Confuse                        Hexes                        3
   d - Tukima's Dance                 Hexes                        3
   e - Dazzling Spray                 Conjuration/Hexes            3
Comestibles
 f - 3 bread rations
 h - 3 meat rations
 i - 4 royal jellies


   Skills:
 - Level 3.2 Fighting
 + Level 7.4 Polearms
 - Level 3.2 Armour
 - Level 3.6 Shields


You had 6 spell levels left.
You didn't know any spells.

Dungeon Overview and Level Annotations

Branches:
Dungeon (4/15)
 Temple: D:4-7

Altars:
Fedhas
Yredelemnul


Innate Abilities, Weirdness & Mutations

You cannot be hasted, slowed, berserked, paralysed or teleported.
You can dig through walls and to a lower floor.
Your four strong arms can wield two-handed weapons with a shield.
You have a pair of large antennae on your head. (SInv)


Message History

The ogre is heavily wounded.
You hit the ogre but do no damage.
The ogre is heavily wounded.
The ogre hits you with a giant club!!
You hit the ogre.
The ogre is heavily wounded.
The ogre hits you with a giant club!
* * * LOW HITPOINT WARNING * * *
You barely miss the ogre.
The ogre is heavily wounded.
You block the ogre's attack.
You closely miss the ogre.
The ogre is heavily wounded.
Your shield and scale mail prevent you from hitting the ogre.
The ogre is heavily wounded.
The ogre closely misses you.
You hit the ogre.
The ogre is severely wounded.
The ogre hits you with a giant club!
You die...

#########. #. ..........
#.####### ######.#.
#>....... ...#.#.
.##......##########.#.#.
.........##.....#.....#.
.........##.....#.#..###
.....(.O.+......#.#...#
#....@.##.....#.#...#
#......##.....#.#.#.##
#........#'####......#
#........#........#..#
###################..#
.....s.s.#...
.....###.#...
.........#...
.............


You could see an ogre.

Vanquished Creatures
  2 ogres
  A scorpion (D:4)
  An iguana (D:4)
  A worker ant (D:4)
  4 gnolls (D:3)
  7 adders
  An ooze (D:1)
  An adder skeleton (D:4)
  2 worms (D:3)
  A dart slug (D:1)
  3 leopard geckos
  11 bats
  3 giant cockroaches
  12 goblins
  12 hobgoblins
  5 jackals
  12 kobolds
  A ball python (D:3)
  3 frilled lizards
  A jackal skeleton (D:4)
  7 rats
91 creatures vanquished.

Notes
Turn   | Place    | Note
-------+----------+-------------------------------------------
     0 | D:1      | Hasart the Formicid Fighter began the quest for the Orb.
     0 | D:1      | Reached XP level 1. HP: 18/18 MP: 1/1
    54 | D:1      | Reached XP level 2. HP: 20/24 MP: 2/2
   261 | D:1      | Reached skill level 3 in Polearms
   296 | D:1      | Reached XP level 3. HP: 23/29 MP: 3/3
   951 | D:2      | Reached skill level 4 in Polearms
   951 | D:2      | Reached XP level 4. HP: 15/35 MP: 4/4
  1949 | D:2      | Reached XP level 5. HP: 36/41 MP: 5/5
  2061 | D:3      | Found a blossoming altar of Fedhas.
  2157 | D:3      | Noticed an ogre
  2171 | D:3      | Killed an ogre
  2171 | D:3      | Reached skill level 5 in Polearms
  2171 | D:3      | Reached XP level 6. HP: 27/47 MP: 6/6
  2860 | D:3      | Reached skill level 6 in Polearms
  3082 | D:4      | Found a basalt altar of Yredelemnul.
  3097 | D:4      | Noticed an ogre
  3106 | D:4      | Killed an ogre
  3301 | D:4      | Reached XP level 7. HP: 51/52 MP: 7/7
  3360 | D:4      | Reached skill level 7 in Polearms
  3892 | D:4      | Slain by an ogre

Vault maps used:
D:1:      giann_wishing_wells, amethyst_killhole
D:2:      first_bread, minmay_goblin_kobold_house
D:3:      lemuel_crystal_altar, kennysheep_potato
D:4:      minmay_temple_entry_overgrown, yredelemnul_altar_generic

Skill      XL: |  1  2  3  4  5  6  7 |
---------------+----------------------+-----
Polearms       | 3 4 5 6 7 |  7.4
Fighting       | |  3.2
Armour         | |  3.2
Shields        | |  3.6

Action                   |  1- 3 |  4- 6 |  7- 9 || total
-------------------------+-------+-------+-------++-------
Melee: Trident           |   119 |   234 |    46 ||   399
  Eat: Chunk             |       |     8 |     1 ||     9
Armor: Scale mail        |    51 |    58 |     6 ||   115
Dodge: Dodged            |    32 |    53 |     9 ||    94
Block: Shield            |    53 |   113 |    16 ||   182

Table legend:
 A = Spawn XP
 B = Non-spawn XP
 C = Spawn XP percentage of total XP
 D = Spawn monster count
 E = Non-spawn monster count
 F = Spawn count percentage of total count
 G = Total turns spent on level
                    A         B        C        D         E        F      G
               +---------+---------+-------+---------+---------+-------+---------
         Total |       0 |     672 |   0.0 |       0 |      91 |   0.0 |  3892
               +---------+---------+-------+---------+---------+-------+---------
           D:1 |       0 |      49 |   0.0 |       0 |      26 |   0.0 |   767
           D:2 |       0 |      93 |   0.0 |       0 |      33 |   0.0 |  1291
           D:3 |       0 |     236 |   0.0 |       0 |      22 |   0.0 |  1008
           D:4 |       0 |     294 |   0.0 |       0 |      10 |   0.0 |   826
               +---------+---------+-------+---------+---------+-------+---------
